 Dungeon Crawl Stone Soup version 0.24-a0-528-g98e85ec62a (webtiles) character file.

Game seed: 4800505452421439310

233 MrRokkomies the Insei (level 5, -9/39 HPs)
             Began as a Demigod Transmuter on Aug 6, 2019.
             Engulfed by Ijyb's flame (35 damage)
             ... on level 3 of the Dungeon.
             The game lasted 00:07:03 (2378 turns).

MrRokkomies the Insei (Demigod Transmuter)          Turns: 2378, Time: 00:07:04

Health: -9/39      AC:  2    Str: 13    XL:     5   Next: 45%
Magic:  16/19      EV: 19    Int: 19    God:
Gold:   195        SH:  0    Dex: 21    Spells: 1/7 levels left

rFire    x . .     SeeInvis .     - Unarmed
rCold    + . .     Gourm    .   (shield currently unavailable)
rNeg     . . .     Faith    .   (armour currently unavailable)
rPois    x         Spirit   .   (helmet currently unavailable)
rElec    .         Reflect  .   (cloak currently unavailable)
rCorr    .         Harm     .   (gloves currently unavailable)
MR       .....                  (boots currently unavailable)
Stlth    ++........             t - amulet of magic regeneration
HPRegen  0.13/turn              k - ring of ice
MPRegen  0.41/turn              m - ring of magical power

@: spider-form
A: tiny, high mp 1
a: End Transformation


You were on level 3 of the Dungeon.
You were not hungry.
You were a venomous arachnid creature.
You visited 1 branch of the dungeon, and saw 4 of its levels.

You collected 195 gold pieces.

Inventory:

Hand Weapons
 b - a +0 hunting sling of freezing (melded)
Missiles
 a - 9 arrows
 e - 25 sling bullets
 r - 2 throwing nets (quivered)
Armour
 l - a +2 pair of boots (melded)
 n - a +0 robe (melded)
Jewellery
 k - a ring of ice (left front leg)
 m - a ring of magical power (right front leg)
 t - an amulet of magic regeneration (around neck)
 u - an uncursed ring of magical power
Scrolls
 q - a scroll of identify
Potions
 c - a potion of curing
 f - a potion of haste {unknown}
 g - a potion of lignification {unknown}
 h - a potion of invisibility {unknown}
 i - a potion of degeneration {unknown}
 j - 2 potions of brilliance
 o - a potion of magic {unknown}
 p - 2 potions of might {unknown}
 s - a potion of heal wounds {unknown}
Comestibles
 d - 6 rations


   Skills:
 - Level 0.8 Fighting
 - Level 1.7 Dodging
 * Level 4.6 Unarmed Combat
 - Level 1.7 Spellcasting
 * Level 4.1 Transmutations


You had one spell level left.
You knew the following spells:

 Your Spells              Type           Power        Failure   Level  Hunger
a - Beastly Appendage     Tmut           ###...       11%         1    #......
b - Sticks to Snakes      Tmut           ###.....     14%         2    ###....
c - Spider Form           Tmut/Pois      #.........   43%         3    ###....

Your spell library contained the following spells:

 Spells                   Type           Power        Failure   Level  Hunger
 Ice Form                 Ice/Tmut       ##......     78%         4    #####..
 Blade Hands              Tmut           ###.......   83%         5    ######.


Dungeon Overview and Level Annotations

Branches:
Dungeon (4/15)
 Temple: D:4-7

Annotations:
D:3 Ijyb


Innate Abilities, Weirdness & Mutations

You have an increased reservoir of magic. (+10% MP)


Message History

You bite the big kobold!
You kill the big kobold!
Your Transmutations skill increases to level 4!
You have reached level 5!
The walls and floor vibrate strangely for a moment.
A kobold comes into view. It is wielding a +0 club.
Ijyb zaps a wand.
Ijyb creates a blast of flame!
The kobold completely misses you.
The kobold moves out of view.
Unknown command.
Okay, then.
Unknown command.
Okay, then.
Unknown command.
Okay, then.
Unknown command.
You bite the kobold!
You kill the kobold!
You are engulfed in blazing flames.
Ouch! That really hurt!
You die...

.....................####
#....................####
#...................gKg@.
.###...............(####
.###...###.......(..####
#................(.......
#....§§§§................
.....§§§§§...............
......§§s§...............
≈.≈≈..≈)§§.≈≈(.≈≈(.≈≈≈≈≈≈
≈≈≈≈≈≈≈..g..≈≈≈≈≈≈≈≈≈≈≈≈≈
≈≈≈≈≈≈......≈≈≈≈≈≈≈≈≈≈≈≈≈
≈≈≈≈≈..g...≈≈≈≈≈≈≈≈≈≈≈≈≈
#######''###############
.(.. ....# ....#


You could see Ijyb and a hobgoblin.

Vanquished Creatures
  A big kobold (D:3)
  Terence (D:3)
  A worker ant (D:4)
  2 adders (D:3)
  3 gnolls (D:3)
  A worm (D:2)
  A dart slug (D:1)
  7 orcs
  A ball python (D:2)
  2 bats (D:2)
  3 giant cockroaches
  8 goblins
  6 hobgoblins
  8 kobolds
  4 frilled lizards
  6 rats
55 creatures vanquished.

Notes
Turn   | Place    | Note
-------+----------+-------------------------------------------
     0 | D:1      | MrRokkomies the Demigod Transmuter began the quest for the
                  | Orb.
     0 | D:1      | Reached XP level 1. HP: 15/15 MP: 5/5
   428 | D:1      | Reached XP level 2. HP: 18/22 MP: 5/7
   648 | D:2      | Found a white marble altar of Elyvilon.
   649 | D:2      | Found an ornate altar of the Wu Jian Council.
  1126 | D:2      | Found an iron altar of Okawaru.
  1501 | D:2      | Reached XP level 3. HP: 27/27 MP: 8/8
  1772 | D:2      | Learned a level 2 spell: Sticks to Snakes
  1788 | D:3      | Found a bloodstained altar of Trog.
  1982 | D:3      | Reached XP level 4. HP: 31/34 MP: 9/9
  2088 | D:3      | Noticed Terence
  2136 | D:4      | Learned a level 3 spell: Spider Form
  2162 | D:3      | Killed Terence
  2368 | D:3      | Noticed a big kobold
  2369 | D:3      | Noticed Ijyb
  2377 | D:3      | Killed a big kobold
  2377 | D:3      | Reached XP level 5. HP: 26/39 MP: 10/10
  2378 | D:3      | Engulfed by Ijyb's flame

Levels and vault maps discovered:
D:1:      minmay_arrival_arboretum_small, layout_rooms
D:2:      layout_loops_ring, gammafunk_temple_overflow_statue, first_ration,
          grunt_ministairs_2, kennysheep_okawaru_gauntlet
D:3:      minmay_goblin_kobold_castle, layout_rooms,
          nicolae_overflow_crystal_walls, portal_sewer_entry_d, uniq_sigmund,
          uniq_ijyb, uniq_terence
D:4:      layout_cave_pools, eat_drink_and_be_merry_uskayaw, elyvilon_altar_3

Skill      XL: |  1  2  3  4 |
---------------+-------------+-----
Transmutations | 2 3 4 |  4.1
Unarmed Combat | 3 4 |  4.6
Fighting       | |  0.8
Dodging        | |  1.7
Spellcasting   | |  1.7

Action                   |  1- 3 |  4- 6 || total
-------------------------+-------+-------++-------
Melee: Unarmed           |   114 |    28 ||   142
       Headbutt          |    14 |     1 ||    15
       Punch             |     2 |     1 ||     3
 Fire: Hunting sling     |     8 |    15 ||    23
 Cast: Beastly Appendage |    13 |     1 ||    14
       Sticks to Snakes  |     1 |     2 ||     3
       Spider Form       |       |     2 ||     2
  Use: Scroll            |     5 |       ||     5
  Eat: Chunk             |     3 |     2 ||     5
Armor: Robe              |    27 |     4 ||    31
       Skin              |       |     2 ||     2
Dodge: Dodged            |   108 |    29 ||   137

Table legend:
 A = Non-vault XP
 B = Vault XP
 C = Vault XP percentage of total XP
 D = Non-vault monster count
 E = Vault monster count
 F = Vault count percentage of total count
                 A         B        C        D         E       F
            +---------+---------+-------+---------+---------+-------
      Total |     190 |     143 |  42.9 |      50 |       5 |   9.1
            +---------+---------+-------+---------+---------+-------
        D:1 |      21 |       0 |   0.0 |      11 |       0 |   0.0
        D:2 |      36 |       2 |   5.3 |      18 |       1 |   5.3
        D:3 |      99 |     141 |  58.8 |      19 |       4 |  17.4
        D:4 |      34 |       0 |   0.0 |       2 |       0 |   0.0
            +---------+---------+-------+---------+---------+-------
